nht, neutral male human Tourist ------ ####(##########################ddd |..... # |....| # |...<| % |....| # |....| # -|---- # # # ### # # # ### # # # # # ------.--- # |....^...| #### |.........####### |........| ## ---------- nht the Excursionist Experience level: 6 Strength: 11 Dexterity: 15 Constitution: 16 Intelligence: 13 Wisdom: 6 Charisma: 13 Health: 22(22) Energy: 1(21) Def: 6 Gold: 676 Moves: 797 Dungeon seed: 5m8vMfJ1WgOwiAdA Game ID: nht_1516607576 Your Inventory: Coins $ - 676 gold pieces Weapons a - 17 blessed +2 darts (in quiver) x - 14 cursed -1 darts y - 13 uncursed +0 darts z - 14 uncursed +0 arrows H - 3 uncursed +1 darts R - an uncursed +0 magical dart Armor F - an uncursed +0 dwarvish cloak J - a cursed +0 dwarvish cloak K - an uncursed +0 dwarvish cloak M - a cursed +0 dwarvish cloak N - a cursed +0 dwarvish cloak S - an uncursed +0 dwarvish cloak Comestibles b - 4 uncursed food rations c - 2 uncursed eggs d - 2 uncursed cream pies f - an uncursed pancake g - an uncursed sprig of wolfsbane h - an uncursed cram ration r - an uncursed orange w - 3 uncursed slime molds D - an uncursed lichen corpse Scrolls j - an uncursed scroll of magic mapping u - an uncursed scroll of identify v - a blessed scroll of enchant armor I - an uncursed scroll of amnesia T - an uncursed scroll of earth Potions U - an uncursed potion of extra healing Wands E - an uncursed wand of digging (0:7) Tools e - an uncursed +0 pick-axe l - an uncursed credit card m - an uncursed expensive camera (0:73) n - an uncursed leash o - an uncursed magic marker (0:0) q - an uncursed towel t - an uncursed blindfold A - an uncursed wax candle (0:400) B - a cursed tallow candle (0:200) C - 15 uncursed tallow candles (0:200) P - an uncursed tinning kit (0:32) Gems G - an uncursed topaz stone Q - an uncursed opal Y - 4 uncursed worthless pieces of violet glass Spells and supernatural/magical abilities: Name Level Category Fail Memory W - pray for help -- divine ? -- Z - summon allies -- ability ? -- Your skills at the end: Fighting Skills wands [Basic] Weapon Skills dart [Skilled] Spellcasting Skills Final Attributes: You were immune to poison. You were level-drain resistant. You regenerated. You were a werewolf. You were in beast form. You last prayed 175 turns ago. You survived. Vanquished creatures: a wolf a giant spider a werewolf a Mordor orc 3 gnome lords 2 gnomish wizards a gray ooze 3 giant ants 7 dwarves a werejackal an iguana 2 hobbits a hobgoblin 19 gnomes 4 gnome zombies a jackal a lichen 2 newts 52 creatures vanquished. Voluntary challenges: You never hit with a wielded weapon. You read items or engraved 3 times, starting on turn 1. You never genocided any monsters. You never polymorphed an object. You changed form 1 time, starting on turn 633. You used no wishes. You never split a pudding. You never wrote Elbereth's name. You never violated your personal moral code. Dungeon overview: The Dungeons of Doom: levels 1 to 3 Level 1 a fountain, a vault a long staircase Level 2 a fountain, a sink Level 3 some fountains stairs to The Gnomish Mines The Gnomish Mines: levels 4 to 7 Level 4 stairs to The Dungeons of Doom Level 5 Level 6 Level 7 <- You were here History has recorded: On T:1 you entered the Dungeons of Doom to retrieve the Amulet of Yendor! On T:25 you reached level 2 of The Dungeons of Doom. On T:98 you reached level 3 of The Dungeons of Doom. On T:126 you reached level 1 of The Gnomish Mines. On T:131 you advanced to experience level 2. On T:138 you advanced to experience level 3. On T:184 you advanced to experience level 4. On T:250 you reached level 2 of The Gnomish Mines. On T:300 you reached level 3 of The Gnomish Mines. On T:302 you advanced to experience level 5. On T:544 you reached level 4 of The Gnomish Mines. On T:555 you advanced to experience level 6. Score breakdown: Gold: 117 ( 7047 points) Experience: 6 levels (12456 points) Exploration: 7 levels ( 14.89%) (10834 points) Discoveries: 4 items ( 1.32%) ( 3452 points) Valuables value: (no points given unless you survive) Artifact value: 0 ( 0 points) Variety of kills: 18 monsters ( 4.74%) ( 6529 points) Turncount: 797 turns ( 0 points) Survival: quit (score multiplied by 90%) Total score: 36286 Latest messages: Aloha nht, the human Tourist, welcome back to FIQHack! Final status: Aloha nht the Tourist, quit... You quit in The Gnomish Mines on dungeon level 7 with 36286 points, and 676 pieces of gold, after 797 moves. You were level 6 with a maximum of 43 hit points when you quit.